 Dungeon Crawl Stone Soup version 0.24.0-123-gd5b16e6ec5 (webtiles) character file.

Game seed: 11051041298528712218, levelgen mode: deterministic

139 Chiseanne the Magician (level 5, 34/35 HPs)
             Began as a Demonspawn Wizard on Jan 21, 2020.
             Quit the game on level 3 of the Dungeon.
             The game lasted 00:05:29 (3874 turns).

Chiseanne the Magician (Demonspawn Wizard)          Turns: 3874, Time: 00:05:30

Health: 34/35      AC:  2    Str:  7    XL:     5   Next: 1%
Magic:  1/11       EV: 12    Int: 20    God:
Gold:   225        SH:  0    Dex: 12    Spells: 3/12 levels left

rFire    . . .     SeeInvis +   a - +2 mace (protect)
rCold    . . .     Gourm    .   (no shield)
rNeg     . . .     Faith    .   s - +0 robe
rPois    .         Spirit   .   b - +0 hat
rElec    .         Reflect  .   (no cloak)
rCorr    .         Harm     .   (no gloves)
MR       .....                  (no boots)
Stlth    ++........             (no amulet)
HPRegen  0.11/turn              y - ring of see invisible
MPRegen  0.12/turn              (no ring)

@: very slightly contaminated
A: hooves 1, powered by death 2
a: no special abilities


You were on level 3 of the Dungeon.
You were not hungry.

You visited 1 branch of the dungeon, and saw 3 of its levels.

You collected 225 gold pieces.

Inventory:

Hand Weapons
 a - a +2 mace of protection (weapon)
 t - a +0 hunting sling
Missiles
 c - 106 stones (quivered)
 e - 19 poisoned darts
 o - 36 sling bullets
 r - 31 bolts
 w - 19 arrows
Armour
 b - a +0 hat (worn)
 s - a +0 robe (worn)
Jewellery
 y - a ring of see invisible (left hand)
Scrolls
 g - 3 scrolls of teleportation
Potions
 f - a potion of mutation {unknown}
 i - a potion of resistance
 j - 2 potions of brilliance
 k - a potion of haste {unknown}
 l - a potion of experience {unknown}
 p - a potion of curing {unknown}
 v - a potion of heal wounds {unknown}
 x - 3 potions of lignification
Comestibles
 d - 4 rations


   Skills:
 - Level 1.7 Dodging
 - Level 1.7 Stealth
 * Level 4.3 Spellcasting
 * Level 3.4 Conjurations
   Level 1.0 Summonings
 - Level 0.8 Translocations


You had 3 spell levels left.
You knew the following spells:

 Your Spells              Type           Power        Failure   Level  Hunger
a - Magic Dart            Conj           ###.         3%          1    None
b - Blink                 Tloc           N/A          13%         2    #......
c - Conjure Flame         Conj/Fire      ##......     19%         3    ###....
d - Mephitic Cloud        Conj/Pois/Air  #.......     24%         3    ###....

Your spell library contained the following spells:

 Spells                   Type           Power        Failure   Level  Hunger
 Corona                   Hex            #......      12%         1    None
 Call Imp                 Summ           #.......     12%         2    #......
 Ensorcelled Hibernation  Hex/Ice        #.....       19%         2    #......
 Slow                     Hex            #.......     19%         2    #......
 Dazzling Spray           Conj/Hex       ##....       19%         3    ###....
 Confuse                  Hex            #.......     36%         3    ###....
 Tukima's Dance           Hex            #.......     36%         3    ###....


Dungeon Overview and Level Annotations

Branches:
Dungeon (3/15)

Altars:
Qazlal
Ru
Wu Jian
The Shining One


Innate Abilities, Weirdness & Mutations

You have large cloven feet.
You regenerate health from kills.


Message History

Your demonic ancestry asserts itself...
Your feet thicken and deform.
The bat hits you but does no damage.
Casting: Magic Dart (safe; 3% risk of failure)
Confirm with . or Enter, or press ? or * to list all spells.
You don't have enough magic to cast that spell.
Casting: Magic Dart (safe; 3% risk of failure)
Confirm with . or Enter, or press ? or * to list all spells.
You don't have enough magic to cast that spell.
You closely miss the bat. Your kick misses the bat. The bat barely misses you.
The bat hits you but does no damage.
You hit the bat.
Your weapon exudes an aura of protection.
You kill the bat!
You pick up a book of Maledictions and begin reading...
You add the spells Corona, Ensorcelled Hibernation, Confuse, Tukima's Dance and Dazzling Spray to your library.
Things that are here:
a +0 club; a goblin corpse
There is a glowing golden altar of the Shining One here.
Are you sure you want to abandon this character and quit the game? (Confirm with "yes".)

### ..# #.. .# #. ..###
.# #. #....#.# #.
##.##.#.#
#.#.##...#.#.##
#......@......#
#..#.#...##.#.#
#.##)###)# #....###.# #
...####†....#.#
#.....[#####.#
######)......#
≈.≈..######......##
######................#


There were no monsters in sight!

Vanquished Creatures
  2 gnolls (D:3)
  2 adders
  2 worms
  2 dart slugs (D:1)
  3 leopard geckos
  2 orcs (D:3)
  A ball python (D:2)
  3 giant cockroaches
  18 goblins
  6 hobgoblins
  12 jackals
  6 kobolds
  A quokka (D:2)
  6 bats
  2 frilled lizards (D:3)
  10 rats
78 creatures vanquished.

Notes
Turn   | Place    | Note
-------+----------+-------------------------------------------
     0 | D:1      | Chiseanne the Demonspawn Wizard began the quest for the
                  | Orb.
     0 | D:1      | Reached XP level 1. HP: 13/13 MP: 4/4
   499 | D:1      | Gained mutation: You regenerate a little health from kills.
                  | [demonic ancestry]
   499 | D:1      | Reached XP level 2. HP: 19/19 MP: 1/6
  1181 | D:1      | Reached XP level 3. HP: 24/24 MP: 0/8
  1432 | D:1      | Found a glowing golden altar of the Shining One.
  1985 | D:2      | Found a stormy altar of Qazlal.
  2630 | D:2      | Gained mutation: You regenerate health from kills. [demonic
                  | ancestry]
  2630 | D:2      | Reached XP level 4. HP: 30/30 MP: 6/9
  2862 | D:2      | Found a sacrificial altar of Ru.
  2943 | D:2      | Reached skill level 4 in Spellcasting
  3102 | D:3      | Found an ornate altar of the Wu Jian Council.
  3325 | D:2      | Learned a level 2 spell: Blink
  3329 | D:2      | Learned a level 3 spell: Conjure Flame
  3333 | D:2      | Learned a level 3 spell: Mephitic Cloud
  3769 | D:3      | Found a glowing golden altar of the Shining One.
  3863 | D:3      | Gained mutation: You have large cloven feet. [demonic
                  | ancestry]
  3863 | D:3      | Reached XP level 5. HP: 28/35 MP: 0/11
  3874 | D:3      | Quit the game

Levels and vault maps discovered:
D:1:      elethiomel_arrival_infinity_welcomes_careful_drivers,
          layout_loops_corners, corexii_corridor_pit, st_stairs_2,
          chequers_decorated_corner, tso_altar
D:2:      cheibrodos_greedy_goblins, layout_loops_ring, hangedman_ru_absence,
          grunt_qazlal_clouds
D:3:      layout_rooms, overflow_temple_1_default, lemuel_doored_altar,
          nicolae_overflow_crystal_walls, gup_sewer_entry_pipe, first_ration

Skill      XL: |  1  2  3  4 |
---------------+-------------+-----
Conjurations   | 2 3 |  3.4
Spellcasting   | 4 |  4.3
Dodging        | |  1.7
Stealth        | |  1.7
Summonings     | |  1.0
Translocations | |  0.8

Action                   |  1- 3 |  4- 6 || total
-------------------------+-------+-------++-------
Melee: Unarmed           |    12 |       ||    12
       Dagger            |     4 |     5 ||     9
       Mace              |       |     5 ||     5
 Cast: Magic Dart        |   109 |    81 ||   190
  Use: Scroll            |       |    11 ||    11
  Eat: Chunk             |     4 |     1 ||     5
       Ration            |       |     1 ||     1
Armor: Robe              |     4 |     7 ||    11
Dodge: Dodged            |    28 |    40 ||    68
